 Dungeon Crawl Stone Soup version 0.31-a0-977-gc230f8ef24 (webtiles) character file.

Game seed: 13001791596164730965

51 Shayle the Trooper (level 3, -1/22 HPs)
             Began as a Tengu Hexslinger on Oct 30, 2023.
             Slain by an adder (2 damage)
             ... on level 2 of the Dungeon.
             The game lasted 00:01:26 (995 turns).

Shayle the Trooper (Tengu Hexslinger)                Turns: 995, Time: 00:01:27

Health: -1/22      AC: 11    Str:  8    XL:     3   Next: 83%
Magic:  5/5        EV:  4    Int: 15    God:
Gold:   73         SH:  0    Dex: 16    Spells: 2/4 levels left

rFire   . . .        a - +1 sling
rCold   . . .        (no shield)
rNeg    . . .        h - +3 chain mail
rPois   .            (helmet restricted)
rElec   .            (no cloak)
rCorr   .            (no gloves)
SInv    .            (boots unavailable)
Will    +....        (no amulet) Stlth
                     (no ring)
HPRegen 0.23/turn    (no ring)
MPRegen 0.09/turn

%: acrobat
@: mighty, brilliant, lethally poisoned (-1 -> -4), enlightened, flying, hasted,
invisible, very quick
A: beak, talons 3, acrobatic
a: no special abilities


You were on level 2 of the Dungeon.
You visited 1 branch of the dungeon, and saw 2 of its levels.

You collected 73 gold pieces.

Inventory:

Hand Weapons
 a - a +1 sling (weapon)
 g - a +1 short sword of electrocution
Armour
 c - a +0 robe
 h - a +3 chain mail (worn)
Scrolls
 b - a scroll of poison
 e - 3 scrolls of identify {unknown}
 i - a scroll of fear {unknown}
Potions
 d - 2 potions of might


   Skills:
 + Level 2.5 Fighting
 - Level 2.1 Ranged Weapons
 + Level 2.4 Armour
 - Level 2.1 Dodging
 - Level 1.0 Spellcasting
 - Level 2.1 Hexes
 - Level 1.1 Fire Magic


You had 2 spell levels left.
You knew the following spells:

 Your Spells              Type           Power      Damage    Failure   Level
a - Jinxbite              Hex            20%        N/A       100%        2

Your spell library contained the following spells:

 Spells                   Type           Power      Damage    Failure   Level
 Kiss of Death            Conj/Necr      4%         2d5       100%        1
 Confusing Touch          Hex            10%        N/A       100%        3
 Inner Flame              Hex/Fire       8%         N/A       100%        3
 Sigil of Binding         Hex            10%        N/A       100%        3
 Cause Fear               Hex            5%         N/A       100%        4
 Dimensional Bullseye     Hex/Tloc       3%         N/A       100%        4
 Dispel Undead            Necr           1%         3d6       100%        4


Dungeon Overview and Level Annotations

Branches:
Dungeon (2/15)

Altars:


Innate Abilities, Weirdness & Mutations

You have a beak for a mouth.
You have claws for feet.
You can magically evade attacks while moving or waiting.


Message History

An adder is nearby!
You shoot a sling bullet. The sling bullet misses the adder.
You feel sick. The adder bites you but does no damage. The adder bites you.
* * * LOW HITPOINT WARNING * * *
The adder bites you but does no damage.
It was a potion of might.
You feel very mighty all of a sudden.
You feel sick. The adder bites you but does no damage.
It was a potion of invisibility.
You fade into invisibility!
You feel sick.
You are no longer poisoned.
The adder bites you but does no damage.
You shoot a sling bullet.
The sling bullet hits the adder but does no damage.
The adder bites you but does no damage. x3
You shoot a sling bullet. The sling bullet misses the adder.
The adder bites you but does no damage. x2
You shoot a sling bullet.
The sling bullet barely misses the adder.
The adder bites you but does no damage. x3
You shoot a sling bullet.
The sling bullet barely misses the adder.
The adder bites you.
* * * LOW HITPOINT WARNING * * *
You are lethally poisoned!
The adder poisons you! The adder completely misses you.
It was a potion of brilliance.
You feel clever all of a sudden.
* * * LOW HITPOINT WARNING * * *
You feel sick.
The adder bites you but does no damage. x2
It was a potion of haste.
You feel yourself speed up.
* * * LOW HITPOINT WARNING * * *
You feel sick. The adder barely misses you.
It was a potion of enlightenment.
You feel very buoyant.
You fly up into the air.
* * * LOW HITPOINT WARNING * * *
You feel sick. The adder bites you.
You die...

#.#.#..................#....#
#.#.#.........#..#####.####.##
###.#..........)..............
#........#...##......#.####...
######........#...... .# ####
#....#...#...... .# #
#......#........ .. #
#...##.#........ ##
#...##.†@....... # .
#...####S####### #..## #...#
... #.... #...# ...[. #....
#...#......# #....
#...#......# #.. #......# #
#...#### # 8###


You could see an adder (unable to see you).

Vanquished Creatures
  2 adders (D:2)
  A dart slug (D:2)
  5 endoplasms
  3 giant cockroaches (D:1)
  3 goblins
  4 hobgoblins (D:1)
  A quokka (D:1)
  5 frilled lizards
  2 kobolds (D:1)
  4 rats
30 creatures vanquished.

Notes
Turn   | Place    | Note
-------+----------+-------------------------------------------
     0 | D:1      | Shayle the Tengu Hexslinger began the quest for the Orb.
     0 | D:1      | Reached XP level 1. HP: 12/12 MP: 3/3
   167 | D:1      | Reached skill level 1 in Armour
   191 | D:1      | Reached XP level 2. HP: 14/16 MP: 4/4
   559 | D:1      | Reached XP level 3. HP: 21/21 MP: 5/5
   562 | D:1      | Learned a level 2 spell: Jinxbite
   995 | D:2      | HP: 1/22 [poisoned by an adder]
   995 | D:2      | Slain by an adder

Illustrated notes

Levels and vault maps discovered:
D:1:      scummos_arrival_checkerplants, layout_basic, minmay_crystal_water
D:2:      layout_basic, serial_corexii_hall, corexii_hall_statues_x,
          chequers_hall_statues_corner_a

Skill      XL: |  1  2  3 |
---------------+----------+-----
Armour         | 1 2 |  2.4
Fighting       | 2 |  2.5
Ranged Weapons | |  2.1
Dodging        | |  2.1
Spellcasting   | |  1.0
Hexes          | |  2.1
Fire Magic     | |  1.1

Action                     || total
---------------------------++-------
   Fire: Sling             ||   113
    Use: Potion            ||     5
 Armour: Robe              ||     6
         Chain mail        ||    81
  Dodge: Dodged            ||    26

Table legend: (Time is in decaauts)
 A = Elapsed time spent in this place.
 B = Non-inter-level travel time spent in this place.
 C = Inter-level travel time spent in this place.
 D = Time resting spent in this place.
 E = Time spent auto-exploring this place.
 F = Levels seen in this place.
 G = Mean time per level.
                   A        B        C        D        E       F      G
               +--------+--------+--------+--------+--------+-----+--------+
         Total |   1072 |   1064 |      8 |      0 |    783 |   2 |  536.0 |
       Dungeon |   1072 |   1064 |      8 |      0 |    783 |   2 |  536.0 |
               +--------+--------+--------+--------+--------+-----+--------+

Top non-repeatable levels by time:
     D:1: 632 daAuts
     D:2: 440 daAuts
